AoeStats
← FÜHRER

Arena

505418429Analyzed
2v2 RM · 23d ago on Sep 9, 2026· 61m 5s· 4 players
Game mode
Random Map
Map size
Medium (4 player)
Population
200
Speed
Normal
Resources
Standard
Victory
Conquest
Starting age
Dark Age
Ending age
Imperial Age
RankedLock teamsTeams togetherTeam positionsShared explorationLock speedFull tech treeHidden civsTurbo modeCheats
Victory
Defeat
🇦🇺 Vikings · Australia
736
+12
🇦🇺 Cumans · Australia
682
+14
🇨🇳 Hindustanis · China
683
-15
🇹🇷 Italians · Türkiye
596
-11
板蓝根
7:43 Loom
12:55 Feudal Age
13:28 Horse Collar
13:36 Double-Bit Axe
13:44 Gold Mining
13:47 Stone Mining
21:31 Castle Age
20:10 Wheelbarrow
21:38 Castle Age
FÜHRER
12:25 Feudal Age
13:42 Wheelbarrow
12:57 Double-Bit Axe
12:55 Horse Collar
15:57 Gold Mining
15:59 Stone Mining
24:03 Castle Age
23:20 Scale Barding Armor
23:26 Forging
23:07 Fletching
23:17 Padded Archer Armor
23:17 Scale Mail Armor
25:24 Hand Cart
24:56 Town Watch
24:57 Loom
26:33 Stone Shaft Mining
26:13 Bow Saw
26:05 Heavy Plow
31:44 Silk Road
35:32 Leather Archer Armor
35:56 Bodkin Arrow
37:49 Iron Casting
37:35 Chain Barding Armor
44:08 Town Patrol
45:39 Light Cavalry
46:30 Bloodlines
53:36 Imperial Age
51:35 Ballistics
51:10 Guard Tower
51:37 Chain Mail Armor
51:30 Husbandry
52:22 Fortified Wall
52:23 Masonry
55:30 Conscription
55:50 Hoardings
Vatiking
5:18 Loom
10:04 Feudal Age
11:39 Wheelbarrow
15:11 Horse Collar
19:17 Man-at-Arms
20:21 Gold Mining
21:16 Stone Mining
22:11 Forging
22:25 Scale Mail Armor
23:40 Arson
31:57 Castle Age
32:29 Double-Bit Axe
32:46 Heavy Plow
33:52 Gold Shaft Mining
33:16 Pikeman
33:20 Elite Skirmisher
35:10 Caravan
35:41 Fletching
35:51 Padded Archer Armor
36:28 Iron Casting
38:37 Squires
40:27 Chain Mail Armor
40:08 Bodkin Arrow
40:29 Leather Archer Armor
41:12 Ballistics
41:13 Hand Cart
41:50 Masonry
42:01 Thumb Ring
42:56 Bow Saw
47:14 Imperial Age
50:59 Halberdier
53:04 Ring Archer Armor
53:57 Chemistry
54:01 Blast Furnace
53:33 Plate Mail Armor
56:21 Cavalier
56:24 Elite Steppe Lancer
57:53 Cuman Mercenaries
Rito
3:52 Loom
10:25 Feudal Age
10:57 Double-Bit Axe
13:21 Horse Collar
14:03 Forging
17:08 Scale Mail Armor
17:58 Gold Mining
17:36 Man-at-Arms
18:20 Stone Mining
18:27 Arson
23:06 Castle Age
22:54 Town Watch
26:03 Bow Saw
25:56 Heavy Plow
27:21 Gold Shaft Mining
27:07 Chain Mail Armor
27:28 Iron Casting
28:31 Pikeman
29:14 Squires
31:57 Town Patrol
32:03 Caravan
32:50 Chieftains
45:22 Imperial Age
46:34 Elite Berserk
50:16 Conscription
50:56 Plate Mail Armor
51:27 Blast Furnace
50:50 Onager
Connection lost

Rejoining the realm…

Still unreachable

The connection could not be restored.

Session expired

The server has moved on; the page needs a fresh start.